 Dungeon Crawl Stone Soup version 0.20.1-1-g8b1a95d (webtiles) character file.

142634 theElss the Bludgeoner (level 17, -3/169 HPs)
             Began as a Gargoyle Berserker on Oct 19, 2017.
             Was the Champion of Trog.
             Slain by a swamp dragon (11 damage)
             ... called by a spriggan druid
             ... on level 4 of the Swamp on Oct 20, 2017.
             The game lasted 02:24:12 (39611 turns).

theElss the Bludgeoner (Gargoyle Berserker)        Turns: 39611, Time: 02:24:13

Health: -3/169     AC: 36    Str: 36    XL:     17   Next: 35%
Magic:  17/17      EV: 11    Int:  8    God:    Trog [******]
Gold:   2560       SH: 17    Dex: 12    Spells: 16/16 levels left

rFire    + . .     SeeInvis .   H - +6 hand axe of Wuisch {flame, rPois rN+ Dex+3}
rCold    . . .     Gourm    .   p - +2 shield {reflect}
rNeg     + + +     Faith    +   P - +2 plate armour {rF+}
rPois    ∞         Spirit   .   u - +0 helmet
rElec    +         Reflect  +   n - scarf {cloud immunity}
rCorr    .         Harm     .   r - +0 pair of gloves
MR       +....                  e - +0 pair of boots
Stlth    ..........             O - amulet of faith
Regen    0.4/turn               T - ring of positive energy
MPRegen  0.2/turn               X - +3 ring of strength

@: berserking, flying, starving, very quick
A: big wings, negative energy resistance 1, electricity resistance, unbreathing,
petrification resistance, rot immunity, AC +12
a: Stop Flying, Berserk, Trog's Hand, Brothers in Arms, Burn Spellbooks,
Renounce Religion


You were on level 4 of the Swamp.
You worshipped Trog.
Trog was exalted by your worship.
You were starving.

You visited 4 branches of the dungeon, and saw 27 of its levels.

You collected 3265 gold pieces.
You spent 705 gold pieces at shops.

Inventory:

Hand Weapons
 m - the +7 war axe of Ofosm {speed, MR+ Int+4 Stlth+}
   (Trog gifted it to you on level 2 of the Swamp)

   Attacks with this weapon are significantly faster.
   It affects your intelligence (+4).
   It affects your resistance to hostile enchantments.
   It makes you more stealthy.
 G - a +4 antimagic dire flail
 H - the +6 hand axe of Wuisch (weapon) {flame, rPois rN+ Dex+3}
   (You found it on level 5 of the Lair of Beasts)

   It has been specially enchanted to burn those struck by it, causing extra
   injury to most foes and up to half again as much damage against particularly
   susceptible opponents.
   Big, fiery blades are also staple armaments of hydra-hunters.
   It affects your dexterity (+3).
   It protects you from poison.
   It protects you from negative energy.
 W - a +0 eveningstar
Armour
 a - a +3 plate armour of poison resistance
 e - a +0 pair of boots (worn)
 n - a scarf of cloud immunity (worn)
 o - a +0 large shield
 p - a +2 shield of reflection (worn)
 q - the +1 chain mail "Jedec" {rC+}
   (You bought it in a shop on level 2 of the Orcish Mines)

   It protects you from cold.
 r - a +0 pair of gloves (worn)
 u - a +0 helmet (worn)
 D - a +2 plate armour of cold resistance
 L - a +2 cloak of invisibility
 P - a +2 plate armour of fire resistance (worn)
Jewellery
 t - an uncursed ring of see invisible
 z - a +5 ring of dexterity
 C - an uncursed ring of stealth
 O - an amulet of faith (around neck)
 T - a ring of positive energy (left hand)
 X - a +3 ring of strength (right hand)
 Y - an uncursed ring of positive energy
Wands
 b - a wand of iceblast (9/15)
 l - a wand of acid (8/15)
 x - a wand of flame (25/48)
 F - a wand of random effects (32/48)
 J - a wand of polymorph (12/24)
 K - a wand of flame (23/48)
 M - a wand of acid (1/15)
 V - a wand of confusion (29/48)
Scrolls
 d - 3 scrolls of identify
 f - 5 scrolls of remove curse
 i - 7 scrolls of fear
 s - a scroll of fog {unknown}
 v - 13 scrolls of teleportation
 y - 6 scrolls of magic mapping
 N - 2 scrolls of enchant weapon
 U - 3 scrolls of blinking
Potions
 g - 13 potions of curing
 h - 2 potions of agility
 j - 3 potions of cancellation
 k - a potion of mutation {unknown}
 B - 3 potions of haste
 Q - 3 potions of might {unknown}
 R - a potion of flight {unknown}
 Z - a potion of invisibility
Books
 w - a book of the Tempests

   Spells                             Type                      Level
   a - Static Discharge               Conjuration/Air              3
   b - Lightning Bolt                 Conjuration/Air              5
   c - Ignition                       Fire                         8
   d - Tornado                        Air                          9
   e - Shatter                        Earth                        9
   Trog disapproves of the use of such an item.
Comestibles
 c - 19 bread rations
 A - 10 meat rations
 I - 20 fruits
 S - 2 royal jellies


   Skills:
 + Level 15.2 Fighting
 - Level 0.1(10.8) Axes
 + Level 17.4 Maces & Flails
 + Level 15.2 Armour
 + Level 5.4 Dodging
 - Level 15.0 Shields


You had 16 spell levels left.
You didn't know any spells.

Dungeon Overview and Level Annotations

Branches:
Dungeon (15/15)            Temple (0/1) D:4            Lair (6/6) D:9
  Swamp (4/4) Lair:2        Snake (0/4) Lair:4        Slime (0/5) Lair:6
    Orc (2/2) D:10            Elf (0/3) Orc:2        Vaults (0/5) D:13
 Depths (0/5) D:15

Altars:
Dithmenos
Elyvilon
Gozag
Kikubaaqudgha
Qazlal
Sif Muna
Trog
Uskayaw
Yredelemnul
Beogh

Shops:
D:7 *   D:10 }   D:12 (   Orc:2 [[((

Annotations:
D:3 Grinder
D:6 2 transporters
D:10 Sonja
Lair:4 exclusion: 4 oklob plants


Innate Abilities, Weirdness & Mutations

You are resistant to torment.
Your stone body is resilient. (AC +12)
You are immune to poison.
Your large and strong wings let you fly indefinitely.
You resist negative energy. (rN+)
You are resistant to electric shocks. (rElec)
You can survive without breathing.
You are immune to petrification.
You are immune to rotting.


Message History

The spriggan druid dies!
Trog accepts your kill.
Trog appreciates your killing of a magic user.
You hear a splash. x2
The four-headed hydra bites your stone giant!
The four-headed hydra barely misses your stone giant.
The four-headed hydra bites your stone giant but does no damage.
The four-headed hydra bites your stone giant!!
You block the thorn hunter's attack.
The thorn hunter hits you but does no damage.
The alligator bites you.
* * * LOW HITPOINT WARNING * * *
The alligator misses you.
Unknown command.
You slash the thorn hunter! You burn the thorn hunter.
The thorn hunter is almost destroyed.
You closely miss the swamp dragon. You barely miss the alligator.
Your stone giant completely misses the four-headed hydra.
The swamp dragon bites you!
You die...

♣♣♣.♣♣♣♣≈≈..≈.≈♣♣♣♣.≈≈≈≈..≈≈≈≈.≈.
♣≈..≈♣≈.≈...≈$....♣♣♣.≈≈≈≈≈≈≈≈.♣♣
≈≈≈..≈≈≈≈≈§≈....≈§.♣♣♣≈≈≈≈..≈♣♣♣
...≈≈≈≈≈≈≈§..≈≈≈≈≈≈.♣♣≈♣≈≈♣♣♣♣
≈≈≈.§≈kn≈≈..♣.§≈≈≈≈≈≈♣♣♣...♣
♣...≈.i≈≈≈≈≈.≈≈.≈≈≈..♣≈≈.≈♣♣
♣...♣♣≈≈≈≈≈≈≈.D......)...≈♣ .
♣♣≈≈≈≈≈≈≈≈C.≈≈≈≈≈..♣♣♣
♣♣.≈§≈≈≈≈)@≈≈≈≈≈≈≈..♣♣
♣♣♣.≈≈≈wDft≈≈≈≈≈≈§≈.♣
..≈.≈≈§≈≈≈≈≈≈≈≈≈≈≈≈.♣
.≈≈..≈≈≈≈≈≈≈≈≈≈≈♣♣♣♣≈.≈
≈≈≈≈≈.≈≈≈≈≈≈≈.≈≈≈♣ ..§
≈........≈≈≈≈≈≈.♣♣♣♣♣ §§
♣♣≈.≈♣≈.≈≈.≈≈..♣≈≈♣
)♣♣♣♣♣♣≈≈≈.≈≈..♣ ♣♣♣≈≈≈≈.≈♣


You could see a thorn hunter, an alligator, a four-headed hydra, a swamp dragon,
a tyrant leech and a friendly stone giant (berserk).

Vanquished Creatures
  Nikola (Swamp:2)
  An acid blob (Lair:6)
  Kirke (Swamp:4)
  An orc warlord (Orc:2)
  Louise (Swamp:4)
  Nessos (D:12)
  A very ugly thing (D:15)
  Josephine (D:15)
  Fannar (D:12)
  A yaktaur captain (D:15)
  Harold (Lair:4)
  13 hydras
  An ice dragon (Lair:4)
  2 rakshasas
  4 vault guards (D:13)
  8 alligators
  A ghost crab (Swamp:1)
  Erica (D:10)
  2 death knights (D:15)
  4 centaur warriors
  4 two-headed ogres
  A catoblepas (D:13)
  8 death yaks
  An orc high priest (Orc:2)
  2 skeletal warriors (D:15)
  5 swamp dragons
  2 spriggan druids (Swamp:3)
  4 unseen horrors
  A shambling mangrove (Swamp:2)
  3 orc knights
  4 lindwurms (Lair:5)
  A phantasmal warrior (D:15)
  A deep elf mage (D:14)
  5 orc sorcerers
  2 oklob plants
  7 ugly things
  4 cyclopes
  A manticore (D:13)
  Maurice (D:8)
  4 black mambas (Lair:4)
  Psyche (D:12)
  14 elephants
  32 spiny frogs
  A gargoyle (D:12)
  7 rime drakes
  5 komodo dragons
  2 yaktaurs (D:15)
  A freezing wraith (D:15)
  3 kobold demonologists (D:13)
  A harpy zombie (D:15)
  A polar bear (Lair:2)
  A queen bee (shapeshifter) (D:15)
  5 trolls
  13 tyrant leeches
  8 hornets
  11 slime creatures
  15 hippogriffs
  7 bog bodies
  30 blink frogs
  3 shadows
  5 wraiths
  6 spriggans
  3 wyverns
  58 yaks
  3 hogs (Swamp:4)
  A basilisk (D:14)
  Menkaure (D:5)
  4 hungry ghosts
  5 wargs
  23 vampire mosquitoes
  4 insubstantial wisps
  3 acid dragons
  26 swamp worms
  15 water moccasins
  10 porcupines
  A meliai simulacrum (D:14)
  9 swamp drakes
  4 ice beasts
  3 phantoms
  45 orc warriors
  4 black bears
  21 ogres
  5 centaurs
  A necrophage (D:13)
  6 wolves (Lair:3)
  16 crocodiles
  3 big kobolds
  36 bullfrogs
  3 scorpions
  A killer bee (D:10)
  7 wights
  2 howler monkeys (D:4)
  10 crimson imps
  4 centaur zombies
  A bullfrog zombie (D:5)
  18 orc priests
  2 quasits
  A bullfrog skeleton (D:10)
  8 hounds
  8 centaur skeletons
  5 gnoll shamans
  11 jellies
  5 iguanas
  21 orc wizards
  2 hell rats (Lair:4)
  11 worker ants
  2 hound zombies
  2 hound skeletons
  A howler monkey zombie (D:9)
  A worker ant zombie (D:9)
  16 gnolls
  A howler monkey skeleton (D:6)
  17 adders
  7 river rats (Lair:4)
  6 shadow imps
  A worker ant simulacrum (D:9)
  11 oozes (Lair:2)
  An adder zombie (D:6)
  3 adder skeletons
  2 worms (D:2)
  5 leopard geckos
  110 orcs
  A ball python (D:5)
  8 bats
  4 giant cockroaches
  8 goblins
  9 hobgoblins
  13 jackals
  17 kobolds
  9 quokkas
  6 frilled lizards
  A leopard gecko skeleton (D:4)
  A quokka skeleton (D:4)
  A quokka zombie (D:7)
  18 rats
  A butterfly (Lair:1)
  2 fungi (D:7)
  2 plants
997 creatures vanquished.

Vanquished Creatures (collateral kills)
  A spriggan druid (Swamp:4)
  A swamp worm (Lair:1)
2 creatures vanquished.

Vanquished Creatures (others)
  A hydra (Swamp:2)
  A human (Swamp:4)
  A swamp worm (Swamp:2)
  An orc warrior (Orc:2)
  An orc priest (D:12)
  A bush (Lair:6)
  24 fungi
  51 plants
81 creatures vanquished.

Grand Total: 1080 creatures vanquished

Notes
Turn   | Place    | Note
-------+----------+-------------------------------------------
     0 | D:1      | theElss the Gargoyle Berserker began the quest for the Orb.
     0 | D:1      | Reached XP level 1. HP: 14/14 MP: 1/1
    60 | D:1      | Reached XP level 2. HP: 14/19 MP: 2/2
   320 | D:1      | Reached XP level 3. HP: 21/24 MP: 3/3
   516 | D:1      | Reached ** piety under Trog
  1051 | D:2      | Reached XP level 4. HP: 29/29 MP: 4/4
  1052 | D:2      | Reached skill level 4 in Maces & Flails
  1723 | D:2      | Found a stormy altar of Qazlal.
  1994 | D:3      | Noticed Grinder
  2196 | D:3      | Paralysed by something for 2 turns
  2510 | D:3      | Paralysed by Grinder for 2 turns
  2650 | D:3      | Reached XP level 5. HP: 32/33 MP: 5/5
  2659 | D:4      | Found an opulent altar of Gozag.
  2659 | D:4      | Found a staircase to the Ecumenical Temple.
  2812 | D:4      | Reached XP level 6. HP: 25/38 MP: 6/6
  2862 | D:4      | Reached skill level 5 in Maces & Flails
  3362 | D:3      | Found a white marble altar of Elyvilon.
  3362 | D:3      | Found an ancient bone altar of Kikubaaqudgha.
  3450 | D:3      | Reached *** piety under Trog
  3695 | D:5      | Entered Level 5 of the Dungeon
  3835 | D:4      | Noticed a phantom
  3849 | D:5      | Reached XP level 7. HP: 43/43 MP: 7/7
  3968 | D:5      | Reached skill level 6 in Maces & Flails
  4112 | D:5      | Noticed a hungry ghost
  4122 | D:5      | Killed a hungry ghost
  4193 | D:5      | Noticed Menkaure
  4211 | D:5      | Killed Menkaure
  4368 | D:5      | Reached skill level 7 in Maces & Flails
  4368 | D:5      | Reached skill level 5 in Armour
  4368 | D:5      | Reached XP level 8. HP: 36/48 MP: 8/8
  4724 | D:6      | Found a transporter.
  4724 | D:6      | Found a transporter.
  4868 | D:6      | Reached skill level 5 in Fighting
  4933 | D:6      | Noticed a two-headed ogre
  4951 | D:6      | Killed a two-headed ogre
  4951 | D:6      | Reached skill level 8 in Maces & Flails
  4951 | D:6      | Reached XP level 9. HP: 54/54 MP: 9/9
  5451 | D:6      | Reached skill level 9 in Maces & Flails
  5590 | D:7      | Reached **** piety under Trog
  6414 | D:7      | HP: 2/82 [orc warrior/short sword (14)]
  6725 | D:7      | Found Hicemuva's General Store.
  6734 | D:7      | Bought a potion of heal wounds for 60 gold pieces
  7168 | D:7      | Found a hide-covered altar of Uskayaw.
  7436 | D:7      | Reached skill level 10 in Maces & Flails
  7441 | D:7      | Reached XP level 10. HP: 31/61 MP: 10/10
  8392 | D:8      | Noticed Maurice
  8431 | D:8      | Killed Maurice
  8849 | D:8      | Found a deep blue altar of Sif Muna.
  9030 | D:9      | Noticed a death yak
  9075 | D:9      | Killed a death yak
  9075 | D:9      | Reached skill level 11 in Maces & Flails
  9195 | D:9      | Noticed a death yak
  9196 | D:9      | Noticed a death yak
  9196 | D:9      | Noticed a death yak
  9240 | D:9      | Killed a death yak
  9439 | D:8      | Reached XP level 11. HP: 40/69 MP: 11/11
  9758 | D:9      | Found a staircase to the Lair.
  9822 | D:9      | Killed a death yak
  9822 | D:9      | Reached skill level 12 in Maces & Flails
 10047 | D:9      | Noticed a death yak
 10058 | D:9      | Killed a death yak
 10070 | D:9      | Killed a death yak
 10585 | D:9      | Reached ***** piety under Trog
 10875 | D:10     | Entered Level 10 of the Dungeon
 10915 | D:10     | Found a staircase to the Orcish Mines.
 10947 | D:10     | Noticed Erica
 10965 | D:10     | Killed Erica
 11019 | D:10     | Found Toecrath's Gadget Shoppe.
 11148 | D:10     | Noticed Sonja
 11573 | D:10     | Reached skill level 10 in Armour
 11896 | D:11     | Noticed a purple ugly thing
 11951 | D:10     | Found Toecrath's Gadget Shoppe.
 12169 | D:10     | Found a staircase to the Orcish Mines.
 12704 | D:10     | Found a staircase to the Orcish Mines.
 12712 | D:10     | Found Toecrath's Gadget Shoppe.
 13087 | D:11     | Noticed a white ugly thing
 13100 | D:11     | Killed a white ugly thing
 13100 | D:11     | Reached skill level 13 in Maces & Flails
 13366 | D:11     | Noticed a white ugly thing
 13386 | D:11     | Killed a white ugly thing
 13436 | D:11     | Killed a purple ugly thing
 13436 | D:11     | Reached XP level 12. HP: 76/76 MP: 12/12
 13481 | D:11     | Found a roughly hewn altar of Beogh.
 13698 | D:11     | Noticed a two-headed ogre
 13703 | D:11     | Killed a two-headed ogre
 13815 | D:11     | Reached skill level 10 in Fighting
 14409 | D:11     | Found a shadowy altar of Dithmenos.
 14658 | D:4      | Found an opulent altar of Gozag.
 15190 | Lair:1   | Entered Level 1 of the Lair of Beasts
 16513 | Lair:2   | Reached skill level 14 in Maces & Flails
 16578 | Lair:2   | Found a staircase to the Swamp.
 16623 | Lair:2   | Received a gift from Trog
 17416 | Lair:2   | Noticed an eight-headed hydra
 17441 | Lair:2   | Killed an eight-headed hydra
 18384 | Lair:2   | Reached XP level 13. HP: 67/84 MP: 13/13
 20245 | Lair:4   | Reached skill level 5 in Dodging
 20410 | Lair:4   | Noticed Harold
 20431 | Lair:4   | Killed Harold
 20994 | Lair:4   | Found a staircase to the Snake Pit.
 21096 | Lair:4   | Noticed an ice dragon
 21110 | Lair:4   | Killed an ice dragon
 21110 | Lair:4   | Reached skill level 15 in Maces & Flails
 21685 | Lair:4   | Received a gift from Trog
 22946 | Lair:4   | Gained mutation: Your large and strong wings let you fly indefinitely. [Gargoyle growth]
 22946 | Lair:4   | Reached XP level 14. HP: 76/92 MP: 4/14
 23465 | Lair:5   | Got a crystal hand axe
 23857 | Lair:6   | Entered Level 6 of the Lair of Beasts
 23868 | Lair:6   | Reached skill level 16 in Maces & Flails
 24242 | Lair:6   | Found a bloodstained altar of Trog.
 24604 | Lair:6   | Received a gift from Trog
 24996 | Lair:6   | Found a staircase to the Slime Pits.
 24997 | Lair:6   | Noticed an acid blob
 25007 | Lair:6   | Killed an acid blob
 26238 | Lair:6   | Reached XP level 15. HP: 100/100 MP: 5/15
 26465 | Lair:6   | Reached skill level 17 in Maces & Flails
 26671 | Lair:1   | Identified the +6 hand axe of Wuisch {flame, rPois rN+ Dex+3} (You found it on level 5 of the Lair of Beasts)
 26793 | D:12     | Received a gift from Trog
 26922 | D:12     | Found Wuserghyzyz's Antique Weapon Boutique.
 27005 | D:12     | Noticed Psyche
 27014 | D:12     | Killed Psyche
 27058 | D:12     | Noticed Nessos
 27102 | D:12     | Reached ****** piety under Trog
 27166 | D:12     | Killed Nessos
 27359 | D:12     | Noticed Fannar
 27373 | D:12     | Killed Fannar
 28173 | D:13     | Received a gift from Trog
 28312 | D:13     | Found a gate to the Vaults.
 28655 | D:13     | Reached skill level 1 in Shields
 29169 | D:14     | Found a basalt altar of Yredelemnul.
 29553 | D:14     | Reached skill level 5 in Shields
 29856 | D:14     | Received a gift from Trog
 30236 | D:15     | Entered Level 15 of the Dungeon
 31106 | D:15     | Reached XP level 16. HP: 102/107 MP: 16/16
 31352 | D:15     | Found a staircase to the Depths.
 31512 | D:15     | Noticed Josephine
 31519 | D:15     | Killed Josephine
 31605 | D:15     | Reached skill level 10 in Shields
 32156 | D:13     | Received a gift from Trog
 32216 | Orc:1    | Entered Level 1 of the Orcish Mines
 32401 | Orc:2    | Entered Level 2 of the Orcish Mines
 32426 | Orc:2    | Found a staircase to the Elven Halls.
 32680 | Orc:1    | Paralysed by an orc sorcerer for 4 turns
 32726 | Orc:1    | Found a roughly hewn altar of Beogh.
 33220 | Orc:1    | Received a gift from Trog
 33225 | Orc:1    | Got a translucent morningstar {god gift}
 33232 | Orc:1    | Identified the +7 morningstar of Untimely Demise {distort, MR+ Str+3 Stlth+} (Trog gifted it to you on level 1 of the Orcish Mines)
 33256 | Orc:1    | Paralysed by an orc sorcerer for 4 turns
 33700 | Orc:2    | Found a roughly hewn altar of Beogh.
 34046 | Orc:2    | Found Saako's Antique Weapon Emporium.
 34047 | Orc:2    | Found a roughly hewn altar of Beogh.
 34048 | Orc:2    | Found Qotaxube's Antique Armour Shoppe.
 34211 | Orc:2    | Found a roughly hewn altar of Beogh.
 34228 | Orc:2    | Found Osiuruv's Weapon Emporium.
 34247 | Orc:2    | Paralysed by an orc sorcerer for 5 turns
 34348 | Orc:2    | Found a roughly hewn altar of Beogh.
 34356 | Orc:2    | Found Ephe's Armour Emporium.
 34505 | Orc:2    | Found a roughly hewn altar of Beogh.
 34651 | Orc:2    | Received a gift from Trog
 34894 | Swamp:1  | Entered Level 1 of the Swamp
 36514 | Orc:2    | Bought a glowing shield for 225 gold pieces
 36514 | Orc:2    | Bought a steaming chain mail for 285 gold pieces
 36514 | Orc:2    | Bought a pair of gloves for 135 gold pieces
 36544 | Orc:2    | Identified the +1 chain mail "Jedec" {rC+} (You bought it in a shop on level 2 of the Orcish Mines)
 36953 | Swamp:2  | Noticed Nikola
 36971 | Swamp:2  | Killed Nikola
 37212 | Swamp:2  | Received a gift from Trog
 37215 | Swamp:2  | Got a bloodstained war axe {god gift}
 37216 | Swamp:2  | Identified the +7 war axe of Ofosm {speed, MR+ Int+4 Stlth+} (Trog gifted it to you on level 2 of the Swamp)
 37940 | Swamp:3  | Reached XP level 17. HP: 109/112 MP: 17/17
 38292 | Swamp:4  | Entered Level 4 of the Swamp
 38292 | Swamp:4  | Noticed Louise
 38581 | Swamp:4  | Reached skill level 15 in Shields
 38588 | Swamp:4  | Killed Louise
 38714 | Swamp:4  | Noticed Kirke
 38734 | Swamp:4  | Killed Kirke
 38932 | Swamp:3  | Reached skill level 15 in Fighting
 39341 | Swamp:4  | Received a gift from Trog
 39392 | Swamp:3  | Reached skill level 15 in Armour
 39609 | Swamp:4  | HP: 8/169 [alligator[a spriggan druid] (9)]
 39611 | Swamp:4  | Slain by a swamp dragon

Skill      XL: |  1  2  3  4  5  6  7  8  9 10 11 12 13 14 15 16 17 |
---------------+----------------------------------------------------+-----
Dodging        | 2 3 4 5 |  5.4
Maces & Flails | 4 5 7 8 10 11 13 14 15 16 17 | 17.4
Fighting       | 4 5 6 8 9 11 12 13 14 15 | 15.2
Armour         | 3 4 5 6 7 8 10 12 13 14 15 | 15.2
Shields        | 8 14 15 | 15.0
Axes           | |  0.1

Action                   |  1- 3 |  4- 6 |  7- 9 | 10-12 | 13-15 | 16-18 || total
-------------------------+-------+-------+-------+-------+-------+-------++-------
Melee: Mace              |   120 |   243 |   427 |  1565 |   255 |       ||  2610
       Eveningstar       |       |       |       |       |   550 |   164 ||   714
       Great mace        |       |       |       |       |   283 |       ||   283
       Dire flail        |       |       |       |       |   630 |       ||   630
       Hand axe          |       |       |       |       |    15 |   742 ||   757
       War axe           |       |       |       |       |       |   310 ||   310
Invok: Berserk           |     1 |     6 |     7 |    22 |    13 |     6 ||    55
       Trog's Hand       |       |     2 |     1 |     6 |     3 |       ||    12
       Brothers in Arms  |       |       |       |     2 |       |     1 ||     3
       Burn Spellbooks   |       |       |       |       |     1 |       ||     1
 Abil: Fly               |       |       |       |       |     1 |       ||     1
  Use: Scroll            |       |       |       |    12 |     7 |     4 ||    23
       Potion            |       |       |       |     2 |       |       ||     2
 Stab: Petrifying        |       |       |       |       |     1 |       ||     1
       Confused          |       |       |       |       |       |     1 ||     1
  Eat: Chunk             |     1 |     9 |    19 |    47 |    57 |    31 ||   164
       Meat ration       |       |     1 |       |     1 |       |       ||     2
       Bread ration      |       |       |     1 |       |       |       ||     1
       Fruit             |       |       |       |     7 |     1 |     1 ||     9
       Royal jelly       |       |       |       |     1 |       |       ||     1
Armor: Animal skin       |    34 |       |       |       |       |       ||    34
       Ring mail         |    24 |    66 |       |       |       |       ||    90
       Scale mail        |       |    64 |   193 |       |       |       ||   257
       Plate armour      |       |       |    18 |   953 |  1030 |   614 ||  2615
Dodge: Dodged            |    98 |   185 |   237 |   582 |   639 |   396 ||  2137
Block: Buckler           |       |       |       |       |    60 |   175 ||   235
       Shield            |       |       |       |       |       |   403 ||   403
       Reflection        |       |       |       |       |       |     2 ||     2
